 Dungeon Crawl Stone Soup version 0.31-a0-117-g42d8f58691 (webtiles) character file.

Game seed: 9007746319910756064

72 MackTheKnife the Cutter (level 4, -1/19 (23) HPs)
             Began as a Vine Stalker Berserker on May 30, 2023.
             Was a Believer of Trog.
             Slain by an orc
             ... wielding a +3 morningstar of draining
              (13 damage)
             ... on level 3 of the Dungeon.
             The game lasted 00:02:07 (488 turns).

MackTheKnife the Cutter (Vine Stalker Berserker)     Turns: 488, Time: 00:02:08

HP:   -1/19 (23)    AC:  8    Str: 20    XL:     4   Next: 26%
MP:   0/5           EV:  8    Int:  7    God:    Trog [**....]
Gold: 15            SH:  0    Dex: 15    Spells: 3/3 levels left

rFire   . . .        g - +0 dagger (speed) {short}
rCold   . . .        (no shield)
rNeg    . . .        m - +0 chain mail
rPois   .            (no helmet)
rElec   .            (no cloak)
rCorr   .            (no gloves)
SInv    .            (no boots)
Will    ++...        (no amulet) Stlth
                     (no ring)
HPRegen 2.03/turn    (no ring)
MPRegen 0.09/turn

%: guardian spirit
@: strong-willed, on berserk cooldown, regenerating, heavily drained
A: fangs 2, regeneration 1, magic shield, antimagic bite, no potion heal 2
a: Renounce Religion, Berserk, Trog's Hand


You were on level 3 of the Dungeon.
You worshipped Trog.
Trog was pleased with you.
You visited 1 branch of the dungeon, and saw 3 of its levels.

You collected 15 gold pieces.


Innate Abilities, Weirdness & Mutations

You have extremely sharp teeth.
Your natural rate of healing is unusually fast.
When hurt, damage is shared between your health and your magic reserves.
Your bite disrupts and absorbs the magic of your enemies.
Potions cannot restore your health.


   Skills:
 - Level 2.6 Fighting
 + Level 4.5 Short Blades
 - Level 1.5 Armour
 - Level 1.5 Dodging


You had 3 spell levels left.
You didn't know any spells.
Your spell library was empty.

Inventory:

Hand Weapons
 a - a +0 short sword {short}
 g - a +0 dagger of speed (weapon) {short}
   (You took it off an orc on level 3 of the Dungeon)
Missiles
 h - 3 poisoned darts (quivered) {throwing}
Armour
 m - a +0 chain mail (worn)
   (You found it on level 3 of the Dungeon)
Wands
 j - a wand of quicksilver (9)
   (You found it on level 3 of the Dungeon)
Scrolls
 c - a scroll of immolation {unknown}
 d - a scroll of fear {unknown}
 e - a scroll of enchant weapon {unknown}
 f - a scroll of identify {unknown}
 i - a scroll of amnesia {unknown}
 k - a scroll of enchant armour {unknown}
 n - a scroll of teleportation {unknown}
Potions
 b - a potion of magic {unknown}
 l - a potion of might {unknown}

Dungeon Overview and Level Annotations

Branches:
Dungeon (3/15) Zot: 17523

Altars:
Trog
Xom

#...)....# #........
#.h..... #...o.. ##.....
# #.....######## .###
#............# ....#
##.......h{o{o##.....#
#...........hh@......#
##.[..................#
........................
#.....####....##......##
.........#....##........
........................
.##......####...#.......
..........[.).........<
........####........##


You could see an orc priest, an orc and 3 jackals.


Message History

😕 HP[+3]
You regained 3 hp, and now have 20/23 hp.
Your hands tingle!
g - a +0 dagger of speed (weapon)
{short} 😕 HP[+1] 😕 HP[+1]
Okay, then. 😎 HP[+1]
Your hp is fully restored (23).
n - a scroll labelled BANNAR EPNITEV An orc wizard comes into view.
It is wielding a +4 mace.
An orc and an orc priest come into view.
The orc is wielding a +3 morningstar of draining.
The orc shouts!
The orc wizard shouts!
The orc priest shouts!
You hear a shout!
You hear a bark! x3
An orc wizard comes into view. It is wielding a +0 dagger.
A jackal comes into view.
The orc priest mumbles some strange prayers to Beogh against you.
Beogh smites you!
Ouch! That really hurt!
* * * LOW HITPOINT WARNING * * *
😨 HP[-12] MP[-2]
You take 12 damage, and now have 11/23 hp.
MASSIVE DAMAGE!! (PAUSE)
You lost 2 mp, and now have 3/5 mp.
The jackal barks!
You hear a bark!
A jackal comes into view. x2 😮 HP[+2]
You regained 2 hp, and now have 13/23 hp.
A jackal comes into view.
The jackal barks! x2
The orc wizard hits you with a +4 mace.
* * * LOW HITPOINT WARNING * * *
Unknown command. 😨 HP[-3] MP[-1]
You take 3 damage, and now have 10/23 hp.
You lost 1 mp, and now have 2/5 mp.
Unknown command.
Okay, then.
The orc wizard gestures at you while chanting.
The magic dart hits you.
* * * LOW HITPOINT WARNING * * *
The orc hits you but does no damage.
You feel drained.
The orc wizard mumbles some strange words.
The orc wizard flickers and vanishes!
Deactivating autopickup; reactivate with Ctrl-A. 😨 HP[-2] MP[-1]
You now have 22 max hp (-1).
You take 2 damage, and now have 8/22 hp.
You lost 1 mp, and now have 1/5 mp.
Okay, then.
Your skin crawls.
You feel strong-willed.
The jackal bites you but does no damage.
The orc barely misses you.
The jackal bites you but does no damage. 😨 HP[+3] MP[+1]
You regained 3 hp, and now have 11/22 hp.
Unknown command.
The jackal attacks as you move away! The jackal barely misses you.
You feel yourself speed up.
The orc hits you with a +3 morningstar of draining!
* * * LOW HITPOINT WARNING * * *
You feel drained.
* * * LOW HITPOINT WARNING * * *
The jackal bites you but does no damage. 😨 HP[-4] MP[-1]
You now have 20 max hp (-2).
You take 4 damage, and now have 7/20 hp.
You lost 1 mp, and now have 1/5 mp.
The jackal attacks as you move away! The jackal bites you.
* * * LOW HITPOINT WARNING * * *
😨 HP[+1] MP[-1]
You lost 1 mp, and now have 0/5 mp.
Unknown command.
The jackal attacks as you move away! The jackal barely misses you.
The orc attacks as you move away!
The orc hits you with a +3 morningstar of draining.
* * * LOW HITPOINT WARNING * * *
You feel drained. The jackal barely misses you.
You now have 19 max hp (-1).
The orc attacks as you move away! The orc closely misses you. 😮 HP[+2]
You regained 2 hp, and now have 10/19 hp.
Unknown command.
The jackal attacks as you move away! The jackal barely misses you. 😮 HP[+2]
You regained 2 hp, and now have 12/19 hp.
The jackal attacks as you move away!
The jackal bites you but does no damage.
Found a stone staircase leading up.
The orc wizard mumbles some strange words.
The orc wizard flickers and vanishes!
The jackal bites you.
Unknown command.
The orc attacks as you move away!
The orc hits you with a +3 morningstar of draining!
Ouch! That really hurt!
You die...

Skill      XL: |  1  2  3 |
---------------+----------+-----
Short Blades   | 3 4 |  4.5
Fighting       | |  2.6
Armour         | |  1.5
Dodging        | |  1.5

Action                     |  1- 3 |  4- 6 || total
---------------------------+-------+-------++-------
  Melee: Short sword       |    72 |    15 ||    87
         Bite              |    21 |     2 ||    23
         Punch             |     1 |       ||     1
 Invoke: Berserk           |     1 |       ||     1
         Trog's Hand       |       |     1 ||     1
 Armour: Animal skin       |     5 |       ||     5
         Leather armour    |     4 |       ||     4
         Chain mail        |     2 |    12 ||    14
  Dodge: Dodged            |    37 |     6 ||    43

Levels and vault maps discovered:
D:1:      roderic_crop_circles_arrival_small, layout_basic,
          shapermc_ecumenical_altar_mp_urbaneastern, minmay_pentomino_w4
D:2:      layout_basic, basic_altar, hex_large
D:3:      layout_basic, nicolae_ru_awakened_eye, trog_three_pillars_becter

Notes
Turn   | Place    | Note
-------+----------+-------------------------------------------
     0 | D:1      | MackTheKnife the Vine Stalker Berserker began the quest for
                  | the Orb.
     0 | D:1      | Reached XP level 1. HP: 11/11 MP: 2/2
     0 | D:1      | magus.rc [v1.9.6]
    39 | D:1      | Reached skill level 3 in Short Blades
    73 | D:1      | Reached XP level 2. HP: 16/16 MP: 1/3
   220 | D:2      | Found a shimmering altar of Xom.
   274 | D:3      | Found a bloodstained altar of Trog.
   359 | D:3      | Reached ** piety under Trog
   360 | D:3      | Reached XP level 3. HP: 19/19 MP: 4/4
   428 | D:3      | Reached skill level 4 in Short Blades
   443 | D:3      | Gained mutation: Your natural rate of healing is unusually
                  | fast. [Vine Stalker growth]
   443 | D:3      | Reached XP level 4. HP: 13/23 MP: 1/5
   488 | D:3      | Slain by an orc

Vanquished Creatures
  An orc priest (D:3)
  An adder (D:3)
  3 orcs (D:3)
  3 endoplasms
  A giant cockroach (D:1)
  2 goblins (D:1)
  2 hobgoblins (D:1)
  4 jackals (D:3)
  3 kobolds
  3 quokkas
  3 ball pythons
  A bat (D:3)
  2 rats
29 creatures vanquished.

Table legend:
 A = Non-vault XP
 B = Vault XP
 C = Vault XP percentage of total XP
 D = Non-vault monster count
 E = Vault monster count
 F = Vault count percentage of total count
                 A         B        C        D         E       F
            +---------+---------+-------+---------+---------+-------
      Total |     100 |       4 |   3.8 |      26 |       3 |  10.3
            +---------+---------+-------+---------+---------+-------
        D:1 |      19 |       4 |  17.4 |      10 |       3 |  23.1
        D:2 |       3 |       0 |   0.0 |       3 |       0 |   0.0
        D:3 |      78 |       0 |   0.0 |      13 |       0 |   0.0
            +---------+---------+-------+---------+---------+-------

Skill      XL: |  1  2  3 |
---------------+----------+-----
Short Blades   | 3 4 |  4.5
Fighting       | |  2.6
Armour         | |  1.5
Dodging        | |  1.5

Action                     |  1- 3 |  4- 6 || total
---------------------------+-------+-------++-------
  Melee: Short sword       |    72 |    15 ||    87
         Bite              |    21 |     2 ||    23
         Punch             |     1 |       ||     1
 Invoke: Berserk           |     1 |       ||     1
         Trog's Hand       |       |     1 ||     1
 Armour: Animal skin       |     5 |       ||     5
         Leather armour    |     4 |       ||     4
         Chain mail        |     2 |    12 ||    14
  Dodge: Dodged            |    37 |     6 ||    43

Illustrated notes

Table legend:
 A = Kills in this place as a percentage of kills in the entire game.
 B = Kills by you in this place as a percentage of kills by you in the entire game.
 C = Kills by friends in this place as a percentage of kills by friends in the entire game.
 D = Other kills in this place as a percentage of other kills in the entire game.
 E = Experience gained in this place as a percentage of experience gained in the entire game.
 F = Experience gained in this place divided by the number of levels of this place that you have seen.
                   A       B       C       D       E      F
               +-------+-------+-------+-------+-------+----------------------
         Total | 100.0 | 100.0 |   N/A |   N/A | 100.0 |  34.7
       Dungeon | 100.0 | 100.0 |   N/A |   N/A | 100.0 |  34.7
               +-------+-------+-------+-------+-------+----------------------

Table legend: (Time is in decaauts)
 A = Elapsed time spent in this place.
 B = Non-inter-level travel time spent in this place.
 C = Inter-level travel time spent in this place.
 D = Time resting spent in this place.
 E = Time spent auto-exploring this place.
 F = Levels seen in this place.
 G = Mean time per level.
                   A        B        C        D        E       F      G
               +--------+--------+--------+--------+--------+-----+--------+
         Total |    477 |    477 |      0 |      0 |      0 |   3 |  159.0 |
       Dungeon |    477 |    477 |      0 |      0 |      0 |   3 |  159.0 |
               +--------+--------+--------+--------+--------+-----+--------+

Top non-repeatable levels by time:
     D:3: 221 daAuts
     D:1: 132 daAuts
     D:2: 123 daAuts
